 Dungeon Crawl Stone Soup version 0.24.0-13-gcf9b3192b9 (webtiles) character file.

Game seed: 18405341690228372842, levelgen mode: deterministic

1061 Arum the Skirmisher (level 8, -15/64 HPs)
             Began as a Demonspawn Fighter on Nov 6, 2019.
             Blown up by an orc warrior (24 damage)
             ... with a disintegration bolt
             ... on level 6 of the Dungeon.
             The game lasted 00:08:19 (6960 turns).

Arum the Skirmisher (Demonspawn Fighter)            Turns: 6960, Time: 00:08:20

Health: -15/64     AC:  6    Str: 18    XL:     8   Next: 6%
Magic:  0/8        EV:  7    Int: 10    God:
Gold:   336        SH: 10    Dex: 15    Spells: 7/7 levels left

rFire    + . .     SeeInvis .     - Unarmed
rCold    + . .     Gourm    .   b - +0 shield
rNeg     . . .     Faith    .   a - +0 scale mail
rPois    .         Spirit   +   (helmet restricted)
rElec    .         Reflect  .   C - scarf {rC+ rF+}
rCorr    .         Harm     .   (no gloves)
MR       .....                  (no boots)
Stlth    +.........             (no amulet)
HPRegen  0.20/turn              f - ring of stealth
MPRegen  0.22/turn              o - ring of wizardry

@: no status effects
A: hooves 1, horns 1, demonic guardian 1, strong 1, magic shield, magic
regeneration
a: no special abilities


You were on level 6 of the Dungeon.
You were not hungry.

You visited 2 branches of the dungeon, and saw 7 of its levels.

You collected 336 gold pieces.

Inventory:

Missiles
 k - 8 poisoned darts (quivered)
Armour
 a - a +0 scale mail (worn)
 b - a +0 shield (worn)
 q - a +0 cloak
 C - a scarf of resistance (worn)
Jewellery
 f - a ring of stealth (left hand)
 o - a ring of wizardry (right hand)
Wands
 v - a wand of random effects (23)
 B - a wand of iceblast (10)
Scrolls
 e - 4 scrolls of remove curse {unknown}
 j - a scroll of fog {unknown}
 l - 8 scrolls of identify {unknown}
 m - 3 scrolls of enchant weapon {unknown}
 t - a scroll of fear {unknown}
 w - a scroll of magic mapping {unknown}
 y - a scroll of blinking {unknown}
 z - a scroll of enchant armour {unknown}
Potions
 c - a potion of might
 g - a potion of haste {unknown}
 h - a potion of ambrosia {unknown}
 i - a potion of degeneration {unknown}
 n - a potion of berserk rage {unknown}
 p - a potion of resistance {unknown}
 r - a potion of magic
 s - a potion of curing
 u - 2 potions of brilliance {unknown}
 x - a potion of heal wounds {unknown}
 A - a potion of mutation
Comestibles
 d - 8 rations


   Skills:
 + Level 6.2 Fighting
 - Level 2.6 Armour
 + Level 5.6 Shields
 + Level 5.2 Unarmed Combat


You had 7 spell levels left.
You didn't know any spells.
Your spell library contained the following spells:

 Spells                   Type           Power        Failure   Level  Hunger
 Haunt                    Necr/Summ      #.........   100%        7    #######
 Borgnjor's Revivificati  Necr           #.........   100%        8    #######
 Death's Door             Chrm/Necr      #.........   100%        8    #######
 Infestation              Necr           #.........   100%        8    #######
 Necromutation            Tmut/Necr      #.........   100%        8    #######


Dungeon Overview and Level Annotations

Branches:
Dungeon (6/15)             Temple (1/1) D:4

Altars:
Ashenzari
Elyvilon
Fedhas
Hepliaklqana
Kikubaaqudgha
Makhleb
Nemelex Xobeh
Okawaru
Qazlal
Ru
Sif Muna
Trog
Uskayaw
Vehumet
Xom
Yredelemnul
Zin
The Shining One

Annotations:
D:5 3 runed translucent doors, grouchysmurf's ghost, novice KoHu


Innate Abilities, Weirdness & Mutations

You have large cloven feet.
A weak demonic guardian rushes to your aid.
When hurt, damage is shared between your health and your magic reserves.
You regenerate magic rapidly.
You have a pair of small horns on your head.
Your muscles are strong. (Str +2)


Message History

Your ufetubus hits the orc but does no damage.
Your ufetubus closely misses the orc.
You hit the orc warrior.
You kick the orc warrior, but do no damage.
Your headbutt misses the orc warrior.
The orc warrior is heavily wounded.
The orc warrior zaps a wand.
You struggle to resist.
Your ufetubus completely misses the orc.
Your ufetubus hits the orc but does no damage.
You block the orc's attack.
It was a potion of magic.
Magic courses through your body.
Your ufetubus barely misses the orc.
Your ufetubus closely misses the orc.
The orc warrior hits you with a +0 hand axe!
* * * LOW HITPOINT WARNING * * *
Your ufetubus hits the orc but does no damage.
Your ufetubus barely misses the orc.
The orc hits you with a +0 mace.
* * * LOW HITPOINT WARNING * * *
It was a potion of curing.
You feel better.
The orc warrior zaps a wand.
You are blasted!
You die...

.# #..#
#..########
#..........
###.#######
### #.#
#... #.#
>.... #.#
......#o#
.....oo@#
.....5###
.....#
#...# ####


You could see an orc warrior, 2 orcs and a friendly ufetubus.

Vanquished Creatures
  2 ogres
  A bullfrog (D:6)
  4 scorpions
  A howler monkey (D:4)
  A centaur zombie (D:5)
  A jelly (D:5)
  A bullfrog skeleton (D:5)
  2 bullfrog zombies
  An orc priest (D:4)
  Ijyb (D:3)
  Terence (D:3)
  2 orc wizards
  3 worker ants
  8 gnolls
  6 adders
  An adder skeleton (D:5)
  4 worms
  A dart slug (D:4)
  4 leopard geckos
  7 orcs
  8 bats
  6 giant cockroaches
  6 goblins
  8 hobgoblins
  A quokka (D:6)
  4 frilled lizards
  13 kobolds
  A quokka skeleton (D:6)
  A quokka zombie (D:5)
  15 rats
115 creatures vanquished.

Vanquished Creatures (others)
  A goblin (D:3)
1 creature vanquished.

Grand Total: 116 creatures vanquished

Notes
Turn   | Place    | Note
-------+----------+-------------------------------------------
     0 | D:1      | Arum the Demonspawn Fighter began the quest for the Orb.
     0 | D:1      | Reached XP level 1. HP: 18/18 MP: 1/1
   130 | D:1      | Gained mutation: You have large cloven feet. [demonic
                  | ancestry]
   130 | D:1      | Reached XP level 2. HP: 14/24 MP: 2/2
   844 | D:1      | Gained mutation: When hurt, damage is shared between your
                  | health and your magic reserves. [demonic ancestry]
   844 | D:1      | Reached XP level 3. HP: 26/29 MP: 3/3
  1504 | D:2      | Reached XP level 4. HP: 34/37 MP: 1/4
  1849 | D:2      | Found a white marble altar of Elyvilon.
  1867 | D:2      | Reached skill level 4 in Fighting
  2063 | D:3      | Noticed Ijyb
  2120 | D:3      | Killed Ijyb
  2120 | D:3      | Gained mutation: You regenerate magic rapidly. [demonic
                  | ancestry]
  2120 | D:3      | Reached XP level 5. HP: 27/42 MP: 5/5
  2649 | D:3      | Found a radiant altar of Vehumet.
  2695 | D:3      | Found a shimmering blue altar of Sif Muna.
  2750 | D:3      | Noticed Terence
  2768 | D:3      | Gained mutation: Your muscles are strong. (Str +2) [potion
                  | of mutation]
  2768 | D:3      | Gained mutation: You have a pair of small horns on your
                  | head. [potion of mutation]
  2787 | D:3      | Killed Terence
  3581 | D:4      | Reached XP level 6. HP: 41/49 MP: 4/6
  4197 | D:4      | Reached skill level 5 in Fighting
  4333 | D:4      | Found a staircase to the Ecumenical Temple.
  4339 | Temple   | Entered the Ecumenical Temple
  4658 | D:4      | You fall into a shaft and drop 1 floor!
  4658 | D:5      | Entered Level 5 of the Dungeon
  4690 | D:5      | Reached XP level 7. HP: 56/56 MP: 7/7
  4770 | D:5      | Found a shimmering blue altar of Sif Muna.
  4770 | D:5      | Found a bloodstained altar of Trog.
  5314 | D:5      | Found a runed translucent gate.
  5314 | D:5      | Found a runed translucent gate.
  5314 | D:5      | Found a runed translucent gate.
  5357 | D:5      | Noticed grouchysmurf's ghost (novice KoHu)
  5399 | D:5      | Reached skill level 5 in Shields
  6645 | D:6      | Reached skill level 6 in Fighting
  6645 | D:6      | Reached skill level 5 in Unarmed Combat
  6694 | D:6      | Gained mutation: A weak demonic guardian rushes to your
                  | aid. [demonic ancestry]
  6694 | D:6      | Reached XP level 8. HP: 24/64 MP: 3/8
  6960 | D:6      | Blown up by an orc warrior

Levels and vault maps discovered:
D:1:      dpeg_arrival_simpleton_c, layout_basic, chequers_arboretum
D:2:      layout_rooms, old_standard_altar
D:3:      layout_loops_cross, fiery_altar_vehumet, serial_rivers,
          chequers_serial_rivers_room_b, chequers_serial_rivers_micro_d,
          chequers_serial_rivers_small_b, chequers_serial_rivers_small_b,
          chequers_serial_rivers_small_3, lemuel_blue_sif_altar, uniq_terence,
          uniq_ijyb
D:4:      layout_cave_pods, minmay_temple_entry_hall
D:5:      layout_basic, gammafunk_temple_overflow_wave, first_ration,
          gammafunk_ghost_icy
D:6:      layout_loops_ring, lemuel_coloured_pillars_altar,
          kennysheep_slug_shrine
Temple:   nicolae_temple_great_sept

Skill      XL: |  1  2  3  4  5  6  7 |
---------------+----------------------+-----
Unarmed Combat | 2 3 4 5 |  5.2
Shields        | 3 4 5 |  5.6
Fighting       | 4 5 6 |  6.2
Armour         | |  2.6

Action                   |  1- 3 |  4- 6 |  7- 9 || total
-------------------------+-------+-------+-------++-------
Melee: Unarmed           |   162 |   311 |   116 ||   589
       Kick              |    27 |    85 |    43 ||   155
       Headbutt          |       |    33 |    26 ||    59
  Use: Potion            |       |     1 |     2 ||     3
  Eat: Chunk             |     2 |    10 |     8 ||    20
Armor: Scale mail        |    61 |    97 |    32 ||   190
Dodge: Dodged            |    32 |    76 |    20 ||   128
Block: Shield            |    74 |   128 |    50 ||   252
